 Dungeon Crawl Stone Soup version 0.29-a0-284-gf9362112df (console) character file.

Game seed: 13981697764710701676

3976 petzl the Conjurer (level 10, -5/76 HPs)
             Began as a Formicid Arcane Marksman on Mar 21, 2022.
             Was a Follower of Vehumet.
             Slain by a two-headed ogre
             ... wielding a +0 giant club
              (28 damage)
             ... on level 8 of the Dungeon.
             The game lasted 01:07:56 (11748 turns).

petzl the Conjurer (Formicid Arcane Marksman)      Turns: 11748, Time: 01:07:57

Health: -5/76      AC:  4    Str: 15    XL:     10   Next: 46%
Magic:  20/20      EV: 12    Int: 17    God:    Vehumet [*.....]
Gold:   252        SH:  5    Dex: 11    Spells: 15/22 levels left

rFire   . . .      SeeInvis +   b - +3 short sword (venom)
rCold   . . .      Faith    .   (no shield)
rNeg    . . .      Spirit   .   J - +0 leather armour {Will+}
rPois   .          Reflect  +   (helmet unavailable)
rElec   .          Harm     .   l - +0 cloak
rCorr   .          Rampage  .   (no gloves)
Will    ++...                   (no boots)
Stlth   +++.......              s - amulet of reflection
HPRegen 0.22/turn               E - +4 ring of slaying
MPRegen 0.17/turn               (no ring)

@: flying
A: permanent stasis, dig shafts and tunnels, antennae 3, four strong arms
a: Dig, Shaft Self, Renounce Religion


You were on level 8 of the Dungeon.
You worshipped Vehumet.
Vehumet was aware of your devotion.
You visited 2 branches of the dungeon, and saw 10 of its levels.

You collected 491 gold pieces.
You spent 239 gold pieces at shops.

Inventory:

Hand Weapons
 a - a +0 hand crossbow
 b - a +3 short sword of venom (weapon)
 c - a +2 falchion of electrocution
 d - a +1 vorpal falchion
 r - a +1 dagger of venom {!f =f}
 y - a +2 war axe of flaming {!f =f}
 M - a +5 short sword of freezing
Missiles
 i - 5 poisoned darts
 p - 4 throwing nets
Armour
 j - a +2 leather armour of poison resistance
 l - a +0 cloak (worn)
 q - a +0 robe of fire resistance
 F - an orb of guile
 J - a +0 leather armour of willpower (worn)
Jewellery
 k - an amulet of guardian spirit
 s - an amulet of reflection (around neck)
 E - a +4 ring of slaying (left hand)
 H - an amulet of the acrobat
Wands
 g - a wand of acid (6)
 h - a wand of mindburst (13)
 o - a wand of iceblast (3)
 K - a wand of flame (30)
Scrolls
 f - 2 scrolls of magic mapping
 m - 3 scrolls of fog
 u - a scroll of fear
 v - 2 scrolls of immolation
 x - 4 scrolls of holy word
 z - 2 scrolls of vulnerability
 B - a scroll of amnesia
 I - 2 scrolls of identify
 O - a scroll of torment
Potions
 e - 2 potions of curing
 t - a potion of invisibility
 w - a potion of might {unknown}
 A - a potion of mutation {unknown}
 C - 2 potions of degeneration {unknown}
 D - a potion of attraction {unknown}
 G - a potion of lignification {unknown}
 L - a potion of ambrosia {unknown}
 N - 3 potions of heal wounds {unknown}
 P - a potion of cancellation {unknown}


   Skills:
 + Level 5.7 Fighting
 - Level 2.0 Short Blades
 - Level 3.6 Crossbows
 - Level 3.1 Armour
 - Level 3.3 Dodging
 + Level 6.7 Stealth
 * Level 6.7 Spellcasting
 + Level 7.2 Conjurations
 - Level 3.6 Hexes
 - Level 3.0 Evocations


You had 15 spell levels left.
You knew the following spells:

 Your Spells              Type           Power      Damage    Failure   Level
a - Slow                  Hex            72%        N/A       3%          1
b - Conjure Ball Lightni  Conj/Air       9%         3x3d6     99%         6

Your spell library contained the following spells:

 Spells                   Type           Power      Damage    Failure   Level
 Sandblast                Erth           10%        2d5       14%         1
 Inner Flame              Hex/Fire       11%        N/A       21%         3
 Portal Projectile        Hex/Tloc       22%        N/A       21%         3
 Summon Guardian Golem    Hex/Summ       11%        N/A       21%         3
 Cause Fear               Hex            9%         N/A       32%         4
 Gell's Gravitas          Tloc           5%         N/A       41%         3
 Teleport Other           Tloc           5%         N/A       41%         3
 Dispersal                Tloc           2%         N/A       100%        6
 Orb of Destruction       Conj           15%        9d7       100%        7
 Spellforged Servitor     Conj/Summ      9%         N/A       100%        7
 Discord                  Hex            9%         N/A       100%        8
 Disjunction              Tloc           2%         N/A       100%        8


Dungeon Overview and Level Annotations

Branches:
Dungeon (9/15)             Temple (1/1) D:5
   Lair: D:8-11         Orc: D:9-12

Altars:
Cheibriados
Dithmenos
Kikubaaqudgha
Makhleb
Okawaru
Qazlal
Sif Muna
Trog
Uskayaw
Vehumet
Wu Jian
Xom
Yredelemnul
Zin

Shops:
D:2 **   D:4 *=*[(

Annotations:
D:7 exclusions: howler monkey, komodo dragon and troll
D:8 exclusion: downstairs
D:9 exclusion: upstairs, Harold


Innate Abilities, Weirdness & Mutations

You cannot be hasted, slowed, berserked, paralysed or teleported.
You can dig through walls and to a lower floor.
You have a pair of large antennae on your head. (SInv)
Your four strong arms can wield two-handed weapons with a shield.


Message History

You climb upwards.
Level annotation: exclusion: downstairs
There is a stone staircase leading down here.
Things that are here:
a +0 plate armour; a boomerang; a +0 dire flail
I - 2 scrolls of identify (gained 1)
You open the door.
There is an open door here.
You sense a monster nearby.
Found a potion of curing.
An orc comes into view. It is wielding a +0 hand axe.
Found a scroll of teleportation.
Your +3 short sword of venom begins to drip with poison!
b - a +3 short sword of venom (weapon)
The helpless orc fails to defend itself.
You impale the orc!!
You kill the orc!
Vehumet accepts your kill.
Found an ornate altar of the Wu Jian Council.
Things that are here:
a +0 hand axe {!f =f}; a +0 leather armour
Found a scroll labelled XUIXA YCINOU.
You see here a potion of curing.
e - 2 potions of curing (gained 1)
The troll shouts!
A two-headed ogre comes into view.
It is wielding a +0 giant club and a +0 giant spiked club.
Found 29 gold pieces.
Why would you want to do that?
Okay, then.
The two-headed ogre shouts in stereo!
Found a scroll of noise.
Why would you want to do that?
Okay, then.
You feel very buoyant.
You fly up into the air.
The two-headed ogre hits you with a +0 giant club!!
The two-headed ogre hits you with a +0 giant spiked club!!
The two-headed ogre attacks as you move away!
The two-headed ogre hits you with a +0 giant club!!
You die...

..........######### #.#
.......[..'.......# #.####
..........#######.# #.....
....####### #..##..### ####
##.##..# .##..# ..#..# #.#..#
#.#..# #.#..# #.#..# #.#
######....# #.# #.........#
########.# #####.#####......
.#.......$# #.........#..####
?..$......# #.###...#.#..####
..........######...#.....#......
.......O..#..?)......#.###......
......§@§..T.........#..........
...$≈≈§≈≈≈≈≈.........######.....
...≈...§§..≈...............>l.T.
...≈.≈≈≈≈≈§§§...l............###
##.≈.≈...≈§≈§.......#....###.#
#.≈..._.≈§§§.......#... ..
#§≈§≈...≈.≈........#.. ###
#§≈§≈≈≈≈≈.≈..?.....#.
....≈.l....^.# ≈≈≈≈≈........#


You could see a two-headed ogre and a troll.

Vanquished Creatures
  2 hornets (D:7)
  A wyvern (D:7)
  2 steam dragons
  3 black bears
  An ice beast (D:6)
  2 orc warriors (D:8)
  A centaur (D:7)
  An ogre (D:5)
  A phantom (D:4)
  4 bullfrogs
  4 necrophages
  A scorpion (D:5)
  3 wights (D:7)
  6 killer bees (D:5)
  A howler monkey (D:4)
  An electric eel (D:7)
  5 hounds
  6 orc priests
  2 gnoll shamans (D:5)
  3 jellies
  3 iguanas
  15 orc wizards
  12 gnolls
  8 adders
  A river rat (D:4)
  A shadow imp (D:7)
  2 white imps
  An ufetubus (D:6)
  5 worms
  3 dart slugs
  35 orcs
  4 bats (D:1)
  9 endoplasms
  4 giant cockroaches
  12 goblins
  8 hobgoblins
  6 jackals
  6 kobolds
  6 quokkas
  8 ball pythons
  13 rats
212 creatures vanquished.

Vanquished Creatures (others)
  4 plants (D:7)
4 creatures vanquished.

Grand Total: 216 creatures vanquished

Notes
Turn   | Place    | Note
-------+----------+-------------------------------------------
     0 | D:1      | petzl the Formicid Arcane Marksman began the quest for the
                  | Orb.
     0 | D:1      | Reached XP level 1. HP: 15/15 MP: 2/2
    33 | D:1      | Found a faded altar of an unknown god.
    54 | D:1      | Reached XP level 2. HP: 21/21 MP: 3/3
   377 | D:1      | Reached XP level 3. HP: 26/26 MP: 5/5
   486 | D:1      | Reached skill level 1 in Armour
   520 | D:1      | Reached skill level 1 in Stealth
   806 | D:2      | Reached XP level 4. HP: 26/33 MP: 6/6
   843 | D:2      | You fall into a shaft and drop 2 floors!
   843 | D:4      | Found Jynodo Adghes's Assorted Antiques.
  1305 | D:3      | You fall into a shaft and drop 2 floors!
  1305 | D:5      | Entered Level 5 of the Dungeon
  1470 | D:5      | Reached XP level 5. HP: 39/39 MP: 6/8
  1495 | D:5      | Found a burning altar of Makhleb.
  1663 | D:4      | Found Muurac's Jewellery Emporium.
  1678 | D:4      | You fall into a shaft and drop 2 floors!
  1994 | D:5      | Found a hide-covered altar of Uskayaw.
  2024 | D:5      | Reached XP level 6. HP: 42/46 MP: 7/9
  2514 | D:5      | Reached skill level 1 in Evocations
  2776 | D:4      | Reached XP level 7. HP: 39/52 MP: 8/11
  3568 | D:4      | Found an iron altar of Okawaru.
  3604 | D:3      | You fall into a shaft and drop 2 floors!
  4283 | D:2      | Found Mice's Assorted Antiques.
  4297 | D:2      | Bought a scroll labelled CUMEVU POIK for 24 gold pieces
  4297 | D:2      | Bought a golden potion for 21 gold pieces
  4297 | D:2      | Bought a scroll labelled NUNYIBB SENU for 24 gold pieces
  4297 | D:2      | Bought an inky potion for 21 gold pieces
  4297 | D:2      | Bought a scroll labelled HORCHE WODDOOCK for 24 gold pieces
  4341 | D:2      | Reached XP level 8. HP: 59/59 MP: 12/12
  4408 | D:2      | Found Oreutel's General Store.
  4693 | D:3      | Learned a level 6 spell: Conjure Ball Lightning
  5091 | D:4      | Found Vixkaluf's Assorted Antiques.
  5095 | D:4      | Bought an inky potion for 17 gold pieces
  5119 | D:4      | Found Jisoudwa's Armour Boutique.
  5187 | D:4      | Found Mihunuwe's Antique Weapon Emporium.
  5261 | D:4      | Reached skill level 1 in Short Blades
  5261 | D:4      | Reached skill level 1 in Conjurations
  5688 | D:2      | Bought a scroll labelled HORCHE WODDOOCK for 24 gold pieces
  5776 | D:4      | Bought a purple potion for 27 gold pieces
  5776 | D:4      | Bought a scroll labelled RYCUHON PONK for 30 gold pieces
  6012 | D:5      | Reached skill level 2 in Conjurations
  6353 | D:5      | Reached skill level 3 in Conjurations
  6360 | D:5      | Found a staircase to the Ecumenical Temple.
  6370 | Temple   | Entered the Ecumenical Temple
  6395 | Temple   | Became a worshipper of Vehumet
  6533 | D:5      | Reached skill level 4 in Conjurations
  7013 | D:5      | Reached skill level 5 in Conjurations
  7023 | D:5      | Reached XP level 9. HP: 26/64 MP: 11/13
  7354 | D:4      | Bought a cyan potion for 27 gold pieces
  7555 | D:6      | Reached skill level 6 in Conjurations
  7576 | D:6      | Found a glowing silver altar of Zin.
  7681 | D:6      | Found a basalt altar of Yredelemnul.
  8985 | D:7      | Reached skill level 5 in Stealth
  9218 | D:7      | Reached skill level 5 in Spellcasting
  9697 | D:7      | Reached * piety under Vehumet
  9697 | D:7      | Offered knowledge of Sandblast by Vehumet.
  9874 | D:7      | Reached XP level 10. HP: 70/73 MP: 18/18
  9929 | D:7      | Reached skill level 5 in Fighting
 10236 | D:6      | Reached skill level 7 in Conjurations
 10815 | D:7      | Noticed a komodo dragon
 10968 | D:8      | HP: 1/75 [orc warrior/+0 battleaxe (25)]
 11322 | D:9      | Noticed Harold
 11345 | D:8      | Noticed a komodo dragon
 11366 | D:9      | Found a bloodstained altar of Trog.
 11368 | D:9      | Found a shadowy altar of Dithmenos.
 11369 | D:9      | Found a shimmering blue altar of Sif Muna.
 11369 | D:9      | Found a snail-covered altar of Cheibriados.
 11369 | D:9      | Found an ancient bone altar of Kikubaaqudgha.
 11733 | D:8      | Found an ornate altar of the Wu Jian Council.
 11743 | D:8      | Noticed a two-headed ogre
 11748 | D:8      | Slain by a two-headed ogre

Illustrated notes

Levels and vault maps discovered:
D:1:      elethiomel_arrival_shortcut, layout_basic,
          hellmonk_ecumenical_altar_heavens_door, minmay_misc_feat_tower,
          st_stairs_10
D:2:      layout_basic, serial_shops, shop, shop, kennysheep_generic_room_13
D:3:      cheibrodos_helix_gallery, layout_loops_cross
D:4:      layout_gridville, okawaru_metal_pillars_1_2, serial_shops, shop, shop,
          shop, shop, nicolae_take_the_stairs, portal_sewer_entry_b
D:5:      layout_basic, lemuel_tele_altar, nicolae_uskayaw_dance_hall,
          minmay_temple_entry_mist, serial_glass, glass_columns_b,
          glass_columns_b, glass_columns_b, glass_columns_b
D:6:      layout_layer_cave, zin_treasury, mainiacjoe_overflow_paths
D:7:      layout_basic, minivault_4, minmay_shattered_shrine
D:8:      layout_basic, mainiacjoe_overflow_concentric_impassable,
          overflow_temple_1_default, st_stairs_8
D:9:      layout_basic, grunt_temple_overflow_open, tso_metal_star,
          serial_rivers, chequers_serial_rivers_small_3,
          chequers_serial_rivers_micro_c, chequers_serial_rivers_small_3,
          chequers_serial_rivers_micro_c, uniq_harold
Temple:   chequers_temple_sunken

Skill      XL: |  1  2  3  4  5  6  7  8  9 10 |
---------------+-------------------------------+-----
Dodging        | 2 3 |  3.3
Armour         | 1 2 3 |  3.1
Stealth        | 1 2 3 5 6 |  6.7
Fighting       | 2 3 4 5 |  5.7
Spellcasting   | 2 3 5 6 |  6.7
Crossbows      | 3 |  3.6
Evocations     | 1 2 3 |  3.0
Short Blades   | 2 |  2.0
Conjurations   | 5 6 7 |  7.2
Hexes          | |  3.6

Action                   |  1- 3 |  4- 6 |  7- 9 | 10-12 || total
-------------------------+-------+-------+-------+-------++-------
Melee: Dagger            |     8 |   108 |   119 |       ||   235
       Hand crossbow     |       |     1 |       |       ||     1
       Punch             |       |     1 |     7 |     1 ||     9
       Short sword       |       |       |   236 |    38 ||   274
       Falchion          |       |       |    39 |    12 ||    51
 Fire: Hand crossbow     |    83 |    91 |   242 |    16 ||   432
Throw: Dart              |       |    10 |       |       ||    10
 Cast: Slow              |     2 |    38 |   114 |    28 ||   182
 Abil: Shaft Self        |       |     3 |       |       ||     3
       Dig               |       |     2 |     1 |       ||     3
Evoke: Wand              |       |     4 |     1 |     5 ||    10
  Use: Scroll            |       |     1 |     9 |       ||    10
       Potion            |       |     1 |     3 |     3 ||     7
 Stab: Sleeping          |       |       |     3 |     2 ||     5
Armor: Robe              |     1 |       |       |       ||     1
       Leather armour    |    10 |    39 |   106 |     9 ||   164
Dodge: Dodged            |    11 |    91 |   203 |    39 ||   344
Block: Other             |       |       |    51 |    11 ||    62
       Reflection        |       |       |     1 |       ||     1

Table legend: (Time is in decaauts)
 A = Elapsed time spent in this place.
 B = Non-inter-level travel time spent in this place.
 C = Inter-level travel time spent in this place.
 D = Time resting spent in this place.
 E = Time spent auto-exploring this place.
 F = Levels seen in this place.
 G = Mean time per level.
                   A        B        C        D        E       F      G
               +--------+--------+--------+--------+--------+-----+--------+
         Total |  11871 |  11051 |    820 |   3980 |   3218 |  10 | 1187.1 |
       Dungeon |  11836 |  11027 |    809 |   3980 |   3198 |   9 | 1315.1 |
        Temple |     34 |     23 |     11 |      0 |     20 |   1 |   34.0 |
               +--------+--------+--------+--------+--------+-----+--------+

Top non-repeatable levels by time:
     D:5: 3187 daAuts
     D:7: 1869 daAuts
     D:6: 1568 daAuts
     D:4: 1456 daAuts
     D:3: 1321 daAuts
     D:1: 772 daAuts
     D:2: 692 daAuts
     D:8: 657 daAuts
     D:9: 311 daAuts
  Temple: 34 daAuts
